Cogmind - Beta 16 @@@ ROGUE MODE // 2025.10.22 @ 15:11:56 Player: Sooty Result: Destroyed by S-10 Pest with Light Assault Rifle Performance ------------- Evolutions (1) 500 Regions Visited (2) 400 Robots Destroyed (12) 60 Value Destroyed (330) 330 Prototype IDs (0) 0 Alien Tech Used (0) 0 Bonus (0) 0 TOTAL SCORE: 1290 Bonus ------- None Cogmind --------- Core Integrity 0/400 Matter 291/300 Energy 81/100 System Corruption 0% Temperature Cool (0) Movement Core (50) Location -9/Materials Parts ------- > --- POWER (1) -------- (None) > --- PROPULSION (2) --- (None) > --- UTILITY (4) ------ (None) > --- WEAPON (2) ------- (None) > --- INVENTORY (5) ---- Ion Engine Heat Sink Improved Heat Sink Medium Storage Unit Peak State ------------ > --- POWER ------------ Ion Engine > --- PROPULSION ------- Aluminum Leg Aluminum Leg > --- UTILITY ---------- Medium Storage Unit Weapon Shielding > --- WEAPON ----------- Small Laser Beam Cannon > --- INVENTORY -------- Ion Engine Compact Wheel Heat Sink [Rating: 7] Favorites ----------- Power Ion Engine Engine Ion Engine Propulsion Light Treads Treads Light Treads Leg Aluminum Leg Wheel Compact Wheel Hover Unit Improved Hover Unit Utility Small Storage Unit Storage Small Storage Unit Protection Weapon Shielding Weapon Beam Cannon Energy Gun EM Pulse Gun Energy Cannon Beam Cannon Ballistic Gun Assault Rifle Special Weapon Plasma Cutter Build | -11 -10 -9 ------- Run | Yrd Mat Mat Slots Evolved 2 | . . 2 Power . | . . . Propulsion . | . . . Utility 2 | . . 2 Weapon . | . . . Parts Attached 18 | 4 10 4 Power 2 | 1 1 . Engine 2 | 1 1 . Core . | . . . Reactor . | . . . Propulsion 7 | 1 4 2 Treads 2 | 1 1 . Leg 2 | . 2 . Wheel 2 | . 1 1 Hover 1 | . . 1 Flight . | . . . Utility 3 | 1 2 . Device . | . . . Storage 2 | 1 1 . Processor . | . . . Hackware . | . . . Protection 1 | . 1 . Artifact . | . . . Weapon 6 | 1 3 2 Energy Gun 3 | 1 1 1 Energy Cannon 1 | . 1 . Ballistic Gun 1 | . 1 . Ballistic Cannon . | . . . Launcher . | . . . Special Weapon 1 | . . 1 Impact Weapon . | . . . Slashing Weapon . | . . . Piercing Weapon . | . . . Special Melee Weapon . | . . . Unidentified Prototypes . | . . . Parts Lost 14 | . 4 10 Power 2 | . 1 1 Propulsion 5 | . 1 4 Utility 1 | . . 1 Weapon 6 | . 2 4 Highest Loss Streak 9 | . 2 9 To Critical Strikes 1 | . . 1 Average Backups 4 | 3 5 4 Power 1 | . 1 1 Propulsion 1 | 2 2 . Utility 1 | . . 2 Weapon . | . . . Tool/Special . | . . . Unused Backups 3 | . . 3 Power 1 | . . 1 Propulsion . | . . . Utility 2 | . . 2 Weapon . | . . . Tool/Special . | . . . Average Slot Usage (%) 59 | . 65 39 Engine 9 | . 10 5 Treads 8 | . 10 . Leg 7 | . 6 11 Storage 12 | . 14 6 Protection 6 | . 6 4 Energy Gun 7 | . 7 6 Energy Cannon 5 | . 6 3 Ballistic Gun 1 | . 2 . Peak Build Rating 7 | 4 7 7 Average Rating 4 | 3 4 3 On Entrance 3 | . 4 7 Avg Prop Armor Cover (%) . | . . . Naked Turns 23 | . . 23 Heaviest Build 20 | 12 20 20 Greatest Support 20 | 20 20 20 Greatest Overweight (x) 2 | 2 . 1 Average Overweight (x) . | . . . Largest Inventory Capacity 10 | 8 10 10 Average Capacity 8 | 7 8 7 Most Carried 7 | 5 7 5 Average Carried 4 | 3 5 4 Final Capacity 10 | 8 10 5 Final Carried 5 | 5 5 4 Class Distribution -------------------- 100% | Mutant Dominant Class ---------------- Mutant | -10/Materials Mutant | -9/Materials Resources | -11 -10 -9 ----------- Run | Yrd Mat Mat Matter Collected 423 | 240 183 . Remotely . | . . . Salvage Created 456 | 85 295 76 Parts 20 | 2 16 2 Haulers Intercepted . | . . . Recyclers Shooed . | . . . Parts Field Recycled . | . . . Retrieved Matter . | . . . Parts Self-Destructed . | . . . Prevented . | . . . Parts Restored . | . . . Kills | -11 -10 -9 ------- Run | Yrd Mat Mat Combat Hostiles Destroyed 8 | . 6 2 Guns 3 | . 2 1 Cannons 5 | . 4 1 Classes Destroyed 6 | 2 3 1 Worker 1 | . 1 . Tunneler 1 | 1 . . Recycler 1 | 1 . . Watcher 1 | . 1 . Swarmer 1 | . . 1 Grunt 7 | . 6 1 Best Kill Streak 3 | 2 3 1 Combat Bots Only 2 | . 2 1 Max Kills in Single Turn 1 | 1 1 1 Gunslinging . | . . . Exploded . | . . . Melee . | . . . Uniques/NPCs Destroyed . | . . . Combat | -11 -10 -9 -------- Run | Yrd Mat Mat Hostile Shots Fired 222 | . 91 131 Missed 75 | . 23 52 Hits 147 | . 68 79 Projectile 147 | . 68 79 Critical Strikes 4 | . 3 1 Damage Taken 1746 | . 914 832 Core 583 | . 180 403 Absorbed by Shields . | . . . Redirected to Shielding 52 | . 42 10 Core Remaining (%) 64 | 100 28 . Volleys Fired 71 | 4 56 11 Largest 2 | 1 2 2 Hottest 100 | 40 100 100 Shots Fired 77 | 4 57 16 Gun 53 | 4 38 11 Cannon 20 | . 19 1 Launcher . | . . . Special 4 | . . 4 Kinetic 31 | . 31 . Thermal 32 | . 20 12 Explosive . | . . . Electromagnetic 14 | 4 6 4 Robot Hit Streak 12 | 4 12 3 Robot Miss Streak 2 | . 2 2 Penetration Max . | . . . Secondary Targets . | . . . Shots Hit Robots 54 | 4 39 11 Core Hits 22 | 2 15 5 Critical Kills . | . . . Critical Parts Destroyed . | . . . Critical Strikes . | . . . Melee Attacks . | . . . Impact . | . . . Slashing . | . . . Piercing . | . . . Sneak Attacks . | . . . Combat Hostiles . | . . . Follow-up Attacks . | . . . Damage Inflicted 921 | 92 681 148 Guns 485 | 58 331 96 Cannons 278 | . 278 . Explosions 94 | 34 60 . Melee . | . . . Ramming 18 | . 12 6 Kinetic 260 | . 260 . Thermal 462 | 34 338 90 Explosive . | . . . Electromagnetic 181 | 58 71 52 Impact . | . . . Slashing . | . . . Piercing . | . . . Highest Corruption . | . . . Average Corruption . | . . . Corruption Purged . | . . . Corruption Blocked . | . . . Overload Shots . | . . . Overflow Damage 20 | 4 12 4 Projectiles 16 | . 12 4 Explosions 4 | 4 . . Melee . | . . . Knockbacks . | . . . Impact . | . . . Kinetic . | . . . Secondary . | . . . Self-Inflicted Damage 1 | . . 1 Shots . | . . . Rammed 7 | . 1 6 Targets Rammed 8 | . 2 6 Kicked 1 | . 1 . Crushed . | . . . Highest Temperature 155 | . 155 96 Average Temperature 57 | . 60 49 Received Heat Transfer 816 | . 573 243 Siege Activations . | . . . Martial Activations . | . . . Shielding Activations . | . . . Robots Disrupted . | . . . Combat Hostiles . | . . . Robots Corrupted . | . . . Combat Hostiles . | . . . Parts Fried 3 | 1 . 2 Impact Corruptions . | . . . Robots Melted . | . . . Combat Hostiles . | . . . Parts Melted 1 | . . 1 Heat Transferred 990 | 50 692 248 Parts Sabotaged . | . . . Parts Stolen . | . . . Parts Stripped . | . . . Power Chain Reactions 2 | 1 1 . Alert | -11 -10 -9 ------- Run | Yrd Mat Mat Maximum Alert Level . | . . . Low Security (%) 100 | 100 100 100 Level 1 . | . . . Level 2 . | . . . Level 3 . | . . . Level 4 . | . . . Level 5 . | . . . High Security . | . . . Max Security . | . . . Peak Influence 65 | 5 50 65 Initial 7 | . . 7 Average 11 | . 13 9 Influence Increases 312 | 10 192 110 Destroy 0b10 Robot/C 160 | . 120 40 Destroy 0b10 Robot/NC 20 | 10 10 . Destroy Leader 42 | . 32 10 Successful Hack 8 | . 8 . Destroy Structure 7 | . 7 . Lose Combat Pursuer 75 | . 15 60 Influence Decreases 267 | 10 174 83 Entered New Map 11 | . . 11 Time Decay 191 | 10 144 37 Lost Part 65 | . 30 35 Squads Dispatched 1 | . . 1 Investigation . | . . . Extermination . | . . . Reinforcement 1 | . . 1 Assault . | . . . Garrison . | . . . Intercept . | . . . Searches Triggered . | . . . Construction Impeded 1 | . . 1 Haulers Reinforced . | . . . Active Scanning Responses . | . . . Cargo Convoy Interrupts . | . . . Stealth | -11 -10 -9 --------- Run | Yrd Mat Mat Distress Signals 2 | . 1 1 Communications Jammed . | . . . Distress Signals . | . . . Times Spotted 24 | . 9 15 Peak Tracking Total 10 | . 3 10 Tactical Retreats 3 | . 1 2 Traps | -11 -10 -9 ------- Run | Yrd Mat Mat Traps Triggered . | . . . Indirectly . | . . . Trap Hack Attempts . | . . . Triggered . | . . . Disarmed . | . . . Reprogrammed . | . . . Reused . | . . . Traps Extracted . | . . . Installed . | . . . Triggered . | . . . Machines | -11 -10 -9 ---------- Run | Yrd Mat Mat Machines Disabled . | . . . Max in Single Turn . | . . . Machines Repaired . | . . . Machines Dismantled . | . . . Machines Sabotaged . | . . . Overloaded Fab Kills . | . . . Hacking | -11 -10 -9 --------- Run | Yrd Mat Mat Machines Accessed 3 | . 3 . Terminals 3 | . 3 . Fabricators . | . . . Repair Stations . | . . . Recycling Units . | . . . Scanalyzers . | . . . Garrison Access . | . . . Total Hacks 8 | . 8 . Successful 2 | . 2 . Failed 6 | . 6 . Catastrophic . | . . . Database Lockouts . | . . . Manual . | . . . Terminals 8 | . 8 . Fabricators . | . . . Repair Stations . | . . . Recycling Units . | . . . Scanalyzers . | . . . Garrison Access . | . . . Terminal Hacks 2 | . 2 . Locate Traps 2 | . 2 . Fabricator Hacks . | . . . Repair Station Hacks . | . . . Recycling Unit Hacks . | . . . Scanalyzer . | . . . Garrison Access Hacks . | . . . Unauthorized Hacks . | . . . Terminals . | . . . Fabricators . | . . . Repair Stations . | . . . Recycling Units . | . . . Scanalyzers . | . . . Garrison Access . | . . . Data Cores Recovered . | . . . Used . | . . . Hacking Detections 3 | . 3 . Full Trace Events . | . . . Feedback Events . | . . . Feedback Blocked . | . . . Robot Schematics Acquired . | . . . Robots Built . | . . . Authchips . | . . . Time . | . . . Total Robot Build Rating . | . . . Part Schematics Acquired . | . . . Parts Built . | . . . Authchips . | . . . Time . | . . . Total Part Build Rating . | . . . Part Studies Acquired . | . . . Parts Repaired . | . . . Time . | . . . Parts Recycled . | . . . Recycled Matter . | . . . Retrieved Matter . | . . . Retrieved Components . | . . . Parts Scanalyzed . | . . . Part Schematics Acquired . | . . . Parts Damaged . | . . . Bothacking | -11 -10 -9 ------------ Run | Yrd Mat Mat Used RIF Installer . | . . . Robots Hacked . | . . . Non-combat . | . . . Combat . | . . . Robot Hacks Applied . | . . . Relay Couplers Released . | . . . Fabnet Peak Effective % . | . . . Robots Rewired . | . . . Allies Hacked . | . . . Hacks Repelled . | . . . Allies | -11 -10 -9 -------- Run | Yrd Mat Mat Total Allies . | . . . Largest Group . | . . . Highest-Rated Group . | . . . Highest-Rated Ally . | . . . Total Orders . | . . . Ally Attacks . | . . . Total Damage . | . . . Kills . | . . . Allies Corrupted . | . . . Allies Melted . | . . . Intel | -11 -10 -9 ------- Run | Yrd Mat Mat Active Infowar (turns) . | . . . Robot Analysis Total . | . . . Derelict Logs Recovered . | . . . Drone Launches . | . . . Drone Recoveries . | . . . Exploration | -11 -10 -9 ------------- Run | Yrd Mat Mat Turns Passed 740 | 95 501 144 Spaces Moved 397 | 51 241 105 Core 45 | 14 . 31 Treads 201 | 37 164 . Legs 125 | . 77 48 Wheels 14 | . . 14 Hover 12 | . . 12 Flight . | . . . Fastest Speed 50 | 50 120 50 Average Speed 132 | 146 147 90 Slowest Speed 190 | 160 160 190 Overloaded Moves . | . . . Propulsion Burnouts . | . . . Robots Hopped . | . . . Potential Cave-ins . | . . . Cave-ins Triggered . | . . . Exploration Rate (%) 20 | 4 43 13 Regions Visited 2 Branch Regions . Pre-discovered Areas . | . . . Known Exits Taken . | . . . Unknown Exits Taken 2 | 1 1 . Scrap Searched . | . . . Spaces Dug . | . . . Terrain Destroyed 10 | 3 7 . Melee . | . . . Projectile . | . . . AOE 10 | 3 7 . Terrain Rammed . | . . . Walls Destroyed . | . . . Machines Disabled . | . . . Actions | -11 -10 -9 --------- Run | Yrd Mat Mat Total 532 | 67 330 135 Wait 13 | . 9 4 Move 395 | 50 240 105 Hop . | . . . Pick Up 21 | 9 10 2 Fast Attach . | . . . Attach 17 | 4 8 5 Detach 2 | . . 2 Swap 2 | . 2 . Drop 3 | . 3 . Fire 71 | 4 56 11 Melee . | . . . Ram 6 | . . 6 Kick 1 | . 1 . Crush 1 | . 1 . Escape Stasis . | . . . Rewire . | . . . Trap . | . . . Miscellaneous . | . . . Route ------- -11/Scrapyard -10/Materials -9/Materials History --------- Turn | Location | Event 17 | -11/Scrapyard | Discovered new exit (range 14) 96 | -11/Scrapyard | Entered Materials 314 | -10/Materials | Build established: Mutant 484 | -10/Materials | Core integrity fell below 50% 566 | -10/Materials | Discovered new exit (range 10) 597 | -10/Materials | Entered another Materials area 597 | -9/Materials | Evolved 2 slots: Utility x2 700 | -9/Materials | Core integrity fell below 50% 724 | -9/Materials | Core integrity fell below 20% 739 | -9/Materials | Lost 9 parts (1p4n1u3w) 741 | -9/Materials | Destroyed by S-10 Pest with Light Assault Rifle Last Messages --------------- Drag warning: You are moving via airborne propulsion while non-airborne propulsion attached, which reduces your speed. See your non-airborne propulsion's Drag stat. 00695_ Slammed into S-10 Pest. 00702_ Imp. Hover Unit destroyed. 00708_ Critical hit (Destroy). 00708_ Com. Wheel destroyed. 00719_ Slammed into S-10 Pest. 00720_ Slammed into G-34 Mercenary. 00726_ U-05 Engineer works on Atomic Centrifuge. 00726_ Acquired Plasma Cutter. 00731_ U-05 Engineer works on Atomic Centrifuge. 00732_ Flight Unit melted. 00732_ S-10 Pest destroyed. 00736_ ALERT: Construction progress impeded, dispatching reinforcements to local area. 00738_ Destroyed Flight Unit. 00739_ Plasma Cutter destroyed. 00741_ Slammed into S-10 Pest. Map ----- +----------------------------------------------------+ | | | | | | | | | | | | | ???????????????????????????????????????????? | | ???????????????????????????????????????????? | | ???????????????????????????????????????????? | | ???????????????????????????????????????????? | | ???????????????????????????????????????????? | | ???????????????????????????????????????????? | | ???????????????????????????????????????????? | | ???????????????????????????????????????????? | | ???????????????????????????????????????????? | | ???????????????????????????????????????????? | | ???????###########?????????????????????????? | | ???????# #?????????????????????????? | | ????#### """ """ #?????????????????????????? | | ????# # """ "T" #?????????????????????????? | | ????# # """ #?????????????????????????? | | ????# / #?????????????????????????? | | ????# # ########??????????????????? | | ????# # # #??????????????????? | | ????# # # s #??????????????????? | | ????# #######+### @s #??????????????????? | | ????# ####### #?#su<< #??????????????????? | | ????# # # #?#s<<< #??????????????????? | | ????# # """ # #?# s #??????????????????? | | ????# # """ # #####g####??????????????????? | | ????# # """ # #??????????????????? | | ????# + """ / #??????????????????? | | ????# # """ # #??????????????????? | | ????# # # #### #??????????????????? | | ????# # # #??? #??????????????????? | | ????# # # #??? #??????????????????? | | ????# ####### #??? +??????????????????? | | ????# #??? #??????????????????? | | ????# #??? #??????????????????? | | ???########### #??? #??????????????????? | | ???# + #??? ??????????????????? | | ???# # #???? ??????????????????? | | ???# # #????" ??????????????????? | | ???# # #???? ??????????????????? | | ???# # #?????????????????????????? | | ???# # #########?????????????????? | | ???# # # #?????????????????? | | ???# # + #?????????????????? | | ???########### # #?????????????????? | | ?????????????# #########?????????????????? | +----------------------------------------------------+ Best States ------------- Heat Dissipation 28 Energy Generation 10 Energy Capacity 250 Matter Stores 300 Matter Capacity 300 Sight Range 16 Terrain Scan Density 10 Weapon Shielding 33 Evasion (%) 55 Recoil Reduction 1 Item Schematics ----------------- None Robot Schematics ------------------ None Fabricated ------------ Nothing Repaired ---------- Nothing Studied --------- None Alien Tech Used ----------------- None Achievements -------------- DATA ERROR: Steam Global Achievement% For Emergencies Only Organ Harvest There's More Where That Came From Challenges ------------ None Game ------ Seed HelicalCoordinationKatana Manual? 0 Play Time 00:13:11 Cumulative 26.8 hours Start 2025.10.22 @ 15:00:23 End 2025.10.22 @ 15:11:56 Sessions 1 Manual Loads 0 Difficulty Rogue Special Mode None Game No. 31 Rogue 31 Adventurer 0 Explorer 0 Win Type - Total 0 Types 0/0/0/0/0/0/0/0/0/0 Lore% 13 Gallery% 23 Achievement% 12 Wizard Run 0 Options --------- Layout 1 ASCII 0 Keyboard 0 Movement Mouse Keybinds 0 Fullscreen 1 Font 24/Terminus Map View 50x35 Zoom Use 0% Tactical HUD 1 Map Filters NONE Filters NONE Steam 1 RUN: b25e2738-cb29-44dd-9ec1-bf99dbf42298